 Dungeon Sprint DCSS version 0.19-a0-1065-gdac414d (webtiles) character file.

2139 Kidiri the Covert (level 9, -3/46 HPs)
             Began as a Spriggan Enchanter on Aug 3, 2016.
             Was an Elder of Okawaru.
             Slain by an emperor scorpion (9 damage)
             ... in the Dungeon (Sprint VII: "The Pits").
             The game lasted 00:11:14 (2351 turns).

Kidiri the Covert (Spriggan Enchanter)              Turns: 2351, Time: 00:11:14

Health: -3/46      AC:  3    Str:  4    XL:     9   Next: 9%
Magic:  16/23      EV: 28    Int: 18    God:    Okawaru [****..]
Gold:   0          SH:  0    Dex: 18    Spells: 5 memorised, 15 levels left

rFire  . . .     SeeInvis +     a - +2 rapier (venom)
rCold  . . .     Gourm    .     b - +1 robe
rNeg   . . .     Faith    .     (shield restricted)
rPois  .         Spirit   .     (helmet restricted)
rElec  .         Dismiss  .     (no cloak)
rCorr  .         Reflect  .     (gloves unavailable)
SustAt .         Harm     .     (boots unavailable)
MR     +....     NoTele   +     (no amulet)
Stlth  ++++++....               (no ring)
                                (no ring)

@: very slightly contaminated, very quick
A: unfitting armour, see invisible, herbivore 3, speed 3, slow metabolism 2
a: Heroism, Renounce Religion


You were in the Dungeon.
You worshipped Okawaru.
Okawaru was greatly pleased with you.
You were full.

You visited 1 branch

Inventory:

Hand Weapons
 a - a +2 rapier of venom (weapon)
Missiles
 u - 6 exploding tomahawks (quivered)
Armour
 b - a +1 robe (worn)
Jewellery
 p - a +3 ring of dexterity
 q - a +3 ring of evasion
Scrolls
 j - a scroll of blinking
 l - 3 scrolls of remove curse
 m - 5 scrolls of amnesia
 n - a scroll of summoning
Potions
 e - 2 potions of invisibility
 f - 4 potions of heal wounds
 g - 2 potions of haste
 h - 4 potions of magic
 i - 3 potions of berserk rage
 o - 6 potions of curing
 r - 3 potions of brilliance
 s - a potion of resistance
 t - a potion of might
Books
 c - a book of Maledictions

   Spells                             Type                      Level
   a - Corona                         Hexes                        1
   b - Ensorcelled Hibernation        Hexes/Ice                    2
   c - Confuse                        Hexes                        3
   d - Tukima's Dance                 Hexes                        3
   e - Dazzling Spray                 Conjuration/Hexes            3
Comestibles
 d - 7 bread rations
 k - 40 fruits


   Skills:
 + Level 4.4 Fighting
 * Level 8.7 Short Blades
 + Level 4.1 Armour
 * Level 11.6 Dodging
 * Level 12.4 Stealth
 * Level 9.8 Spellcasting
 + Level 3.7 Conjurations
 + Level 7.7 Hexes
 + Level 4.5 Ice Magic
 + Level 5.2 Invocations


You had 15 spell levels left.
You knew the following spells:

 Your Spells              Type           Power        Failure   Level  Hunger
a - Corona                Hex            #####..      1%          1    None
b - Ensorcelled Hibernat  Hex/Ice        ####..       1%          2    None
c - Confuse               Hex            #####...     1%          3    None
d - Tukima's Dance        Hex            #####...     1%          3    None
e - Dazzling Spray        Conj/Hex       ####..       2%          3    None


Dungeon Overview and Level Annotations

Branches:
Dungeon (1/1)

Altars:
Ashenzari
Cheibriados
Dithmenos
Elyvilon
Fedhas
Gozag
Kikubaaqudgha
Makhleb
Nemelex Xobeh
Okawaru
Pakellas
Qazlal
Ru
Sif Muna
Trog
Vehumet
Xom
Yredelemnul
Zin
The Shining One
Beogh
Jiyva
Lugonu


Innate Abilities, Weirdness & Mutations

You are tiny and cannot use many weapons and most armour.
You have supernaturally acute eyesight. (SInv)
You are a herbivore.
You cover ground extremely quickly.
You need consume almost no food.


Message History

The emperor scorpion completely misses you.
Throwing (i - inventory):
u - 7 exploding tomahawks (quivered)
Press: ? - help, Shift-Dir - straight line, f/p - emperor scorpion
Aim: an emperor scorpion (heavily wounded)
You throw an exploding tomahawk.
The exploding tomahawk hits the emperor scorpion but does no damage.
The emperor scorpion is heavily wounded.
The exploding tomahawk explodes!
The explosion of tomahawk fragments engulfs the emperor scorpion.
The emperor scorpion is heavily wounded.
Casting: Ensorcelled Hibernation
Confirm with . or Enter, or press ? or * to list all spells.
Aiming: Confuse
Press: ? - help, Shift-Dir - straight line, f/p - emperor scorpion
Aim: an emperor scorpion (heavily wounded, chance to defeat MR: 29%)
The emperor scorpion appears confused.
The emperor scorpion stings you!!
* * * LOW HITPOINT WARNING * * *
The emperor scorpion claws you!
You die...

############
#__________#
#__________#
#_#####+#############
#_#)))+.+%.##........
#_#)))#.#?(##......#.
#######+#####........
#...@s...).)'........
#+#####+#####......#.
#)#.....#..##........
#.#.....#))#####+####
#.###+###))##......)#
#.#...).#))##.......#
#.#.....#[[##.......#
#.####+##+###...<...#
#.#........##.......#


You could see an emperor scorpion (confused).

Vanquished Creatures
  A deep elf mage (D)
  4 blink frogs (D)
  A porcupine (D)
  An orc warrior (D)
  5 wolves (D)
  2 centaurs (D)
  A gnoll sergeant (D)
  2 quasits (D)
  A worker ant (D)
  A mummy (D)
  7 gnolls (D)
  An adder (D)
  A river rat (D)
  A white imp (D)
  2 orcs (D)
  2 bat skeletons (D)
  A goblin (D)
  10 jackals (D)
  A ball python (D)
  A giant newt (D)
46 creatures vanquished.

Notes
Turn   | Place    | Note
-------+----------+-------------------------------------------
     0 | D        | Kidiri the Spriggan Enchanter began the quest for the Orb.
     0 | D        | Reached XP level 1. HP: 9/9 MP: 5/5
   115 | D        | Found a sacrificial altar of Ru.
   115 | D        | Found a basalt altar of Yredelemnul.
   115 | D        | Found a shadowy altar of Dithmenos.
   115 | D        | Found a deep blue altar of Sif Muna.
   115 | D        | Found a burning altar of Makhleb.
   115 | D        | Found a shimmering altar of Xom.
   115 | D        | Found an ancient bone altar of Kikubaaqudgha.
   115 | D        | Found a sparkling altar of Nemelex Xobeh.
   116 | D        | Found a glowing golden altar of the Shining One.
   116 | D        | Found a bloodstained altar of Trog.
   116 | D        | Found a shattered altar of Ashenzari.
   116 | D        | Found a white marble altar of Elyvilon.
   116 | D        | Found a snail-covered altar of Cheibriados.
   116 | D        | Found a blossoming altar of Fedhas.
   116 | D        | Found a radiant altar of Vehumet.
   116 | D        | Found a glowing silver altar of Zin.
   116 | D        | Found a corrupted altar of Lugonu.
   116 | D        | Found a viscous altar of Jiyva.
   116 | D        | Found a roughly hewn altar of Beogh.
   116 | D        | Found an iron altar of Okawaru.
   117 | D        | Found an oddly glowing altar of Pakellas.
   120 | D        | Found a stormy altar of Qazlal.
   121 | D        | Found an opulent altar of Gozag.
   123 | D        | Became a worshipper of Warmaster Okawaru
   166 | D        | Reached XP level 2. HP: 11/14 MP: 4/7
   175 | D        | Learned a level 2 spell: Ensorcelled Hibernation
   401 | D        | Reached skill level 5 in Stealth
   449 | D        | Reached skill level 1 in Fighting
   463 | D        | Reached skill level 1 in Armour
   463 | D        | Reached skill level 5 in Dodging
   463 | D        | Reached skill level 1 in Ice Magic
   463 | D        | Reached skill level 1 in Invocations
   463 | D        | Reached XP level 3. HP: 2/18 MP: 5/9
   474 | D        | Learned a level 3 spell: Confuse
   478 | D        | Learned a level 3 spell: Dazzling Spray
   813 | D        | Reached skill level 6 in Stealth
   813 | D        | Reached XP level 4. HP: 22/22 MP: 0/11
   933 | D        | Learned a level 3 spell: Tukima's Dance
  1026 | D        | Reached skill level 5 in Spellcasting
  1132 | D        | Reached skill level 7 in Stealth
  1132 | D        | Reached skill level 1 in Conjurations
  1132 | D        | Reached skill level 5 in Hexes
  1132 | D        | Reached XP level 5. HP: 26/26 MP: 10/13
  1143 | D        | Noticed a deep elf mage
  1146 | D        | Killed a deep elf mage
  1146 | D        | Reached * piety under Okawaru
  1146 | D        | Reached ** piety under Okawaru
  1146 | D        | Reached skill level 9 in Stealth
  1146 | D        | Reached XP level 6. HP: 32/32 MP: 9/17
  1146 | D        | Reached XP level 7. HP: 36/36 MP: 9/18
  1204 | D        | Reached skill level 10 in Stealth
  1209 | D        | Reached *** piety under Okawaru
  1245 | D        | Reached skill level 10 in Dodging
  1365 | D        | Noticed a blink frog
  1365 | D        | Noticed a blink frog
  1365 | D        | Noticed a blink frog
  1365 | D        | Noticed a blink frog
  1392 | D        | Killed a blink frog
  1392 | D        | Reached skill level 11 in Stealth
  1392 | D        | Reached XP level 8. HP: 42/42 MP: 16/21
  1407 | D        | Killed a blink frog
  1608 | D        | Killed a blink frog
  1614 | D        | Killed a blink frog
  1614 | D        | Reached **** piety under Okawaru
  1787 | D        | Reached skill level 12 in Stealth
  1787 | D        | Reached skill level 5 in Invocations
  1790 | D        | Received a gift from Okawaru
  1797 | D        | Reached XP level 9. HP: 34/46 MP: 9/23
  2030 | D        | Noticed an emperor scorpion
  2351 | D        | Slain by an emperor scorpion

Vault maps used:
D:        pitsprint

Skill      XL: |  1  2  3  4  5  6  7  8 |
---------------+-------------------------+-----
Spellcasting   | 3 4 5 7 8 9 |  9.8
Short Blades   | 2 3 4 6 7 8 |  8.7
Dodging        | 4 5 6 9 10 11 | 11.6
Stealth        | 5 6 7 9 11 12 | 12.4
Hexes          | 4 5 6 7 |  7.7
Fighting       | 1 2 3 4 |  4.4
Armour         | 1 2 3 4 |  4.1
Ice Magic      | 1 3 4 |  4.5
Invocations    | 1 3 4 5 |  5.2
Conjurations   | 1 2 3 |  3.7

Action                   |  1- 3 |  4- 6 |  7- 9 || total
-------------------------+-------+-------+-------++-------
Melee: Dagger            |    63 |    18 |     7 ||    88
       Rapier            |       |       |    24 ||    24
Throw: Tomahawk          |       |       |     2 ||     2
 Cast: Corona            |     7 |       |       ||     7
       Ensorcelled Hiber |     7 |     5 |    46 ||    58
       Dazzling Spray    |       |     4 |     8 ||    12
       Confuse           |       |       |     4 ||     4
  Use: Potion            |     3 |     1 |       ||     4
 Stab: Sleeping          |     6 |     6 |    22 ||    34
       Invisible         |       |     1 |       ||     1
       Confused          |       |       |     1 ||     1
  Eat: Bread ration      |       |       |     1 ||     1
Armor: Robe              |    20 |     1 |     1 ||    22
Dodge: Dodged            |    88 |    17 |    38 ||   143
